Map: 熱帶祭品

Players

Rex

  • Race: Zerg Zerg
  • League: Diamond
  • Spawn Location: 1:00

SKillous - Winner!

  • Race: Protoss Protoss
  • League: Grandmaster
  • Spawn Location: 7:00

Event: HomeStory Cup XXII

VOD

Have the link to the VOD?

Description

Time

  • Played on: Dec. 16, 2022, 10:14 a.m.
  • Length: 8:57

All games in this series

Show
View Real Time Build Order
Export as new Build Order

Rex Zerg 

Build Orders: Pool First 

Get SALT Encoding   

  12  0:00  Drone  
  13  0:13  Overlord  
  13  0:17  Drone  
  14  0:31  Drone x2  
  14  0:35  Drone  
  17  0:40  Extractor  
  16  0:47  Spawning Pool  
  15  0:51  Drone  
  15  0:56  Drone  
  17  1:20  Hatchery  
  17  1:24  Drone  
  17  1:35  Zergling x2  
  18  1:40  Queen  
  20  1:48  Metabolic Boost  
  20  1:53  Drone  
  21  2:00  Overlord  
  21  2:09  Drone  
  22  2:23  Lair  
  22  2:29  Zergling x6  
  25  2:37  Queen  
  25  2:39  Zergling x2  
  28  2:48  Drone x3  
  29  3:04  Drone x3  
  32  3:08  Drone  
  33  3:20  Drone  
  33  3:24  Drone x2  
  33  3:25  Overlord  
  36  3:34  Overlord  
  36  3:43  Hatchery  
  36  3:46  Drone  
  33  3:51  Drone x3  
  35  3:56  Queen  
  35  3:59  Drone  
  35  4:02  Drone  
  39  4:03  Drone  
  39  4:07  Zergling x2  
  39  4:08  Zergling x2  
  39  4:09  Zergling x2  
  43  4:13  Spore Crawler  
  42  4:18  Drone x2  
  42  4:21  Overlord  
  42  4:23  Overlord  
  44  4:34  Overlord  
  44  4:35  Overlord  
  44  4:39  Queen, Overlord  
  44  4:42  Drone  
  44  4:43  Drone  
  48  4:48  Drone x3  
  50  4:55  Queen  
  50  4:58  Drone x3  
  55  5:01  Drone  
  56  5:08  Drone x5  
  61  5:15  Spore Crawler  
  61  5:21  Drone, Roach Warren  
  61  5:28  Drone x5  
  61  5:29  Drone  
  61  5:34  Drone x3  
  65  5:36  Drone  
  65  5:42  Drone x4  
  69  5:43  Drone  
  69  5:46  Overseer  
  69  5:48  Drone  
  71  5:51  Evolution Chamber  
  70  5:59  Hatchery  
  70  6:03  Zergling x12  
  75  6:05  Glial Reconstitution  
  75  6:08  Zergling x4, Extractor  
  75  6:09  Zergling x2  
  75  6:10  Zergling x2, Extractor  
  75  6:11  Zergling x2  
  78  6:12  Zergling x2  
  77  6:20  Zergling x6  
  77  6:23  Zergling x2  
  77  6:24  Zergling x4  
  81  6:30  Zergling x10  
  81  6:32  Zergling x2  
  75  6:39  Roach x4  
  79  6:49  Queen x2  
  79  6:53  Drone x3  
  81  6:59  Zergling x2, Drone  
  81  7:02  Zergling x2  
  81  7:03  Zergling x2  
  81  7:06  Ravager x2  
  81  7:07  Overlord  
  84  7:11  Zergling x8  
  86  7:15  Zergling x2  
  86  7:16  Zergling x4, Queen  
  86  7:19  Ravager  
  92  7:24  Zergling x4  
  92  7:28  Zergling x2  
  92  7:29  Zergling x2  
  96  7:33  Drone x2  
  98  7:39  Zergling x2, Drone  
  100  7:47  Zergling x8  
  100  7:49  Overlord  
  100  7:50  Overlord x4  
  103  7:53  Infestation Pit  
  103  7:57  Drone x2  
  103  8:05  Roach x2  
  102  8:07  Roach  
  102  8:13  Roach x6  
  104  8:20  Zergling x12, Roach x2  
  104  8:26  Zergling x10  
  118  8:29  Spore Crawler, Drone  
  116  8:37  Roach x5  
Show
View Real Time Build Order
Export as new Build Order

SKillous Protoss - Winner!

Build Orders: 1 Gate Expand, Oracle Opening 

Get SALT Encoding   

  12  0:00  Probe  
  13  0:12  Probe  
  14  0:20  Pylon  
  14  0:24  Probe  
  15  0:38  Probe (Chrono Boost)  
  15  0:42  Gateway  
  16  0:47  Probe (Chrono Boost), Assimilator  
  17  0:53  Probe  
  18  1:05  Probe  
  19  1:17  Probe  
  20  1:29  Cybernetics Core  
  20  1:37  Nexus  
  20  1:44  Pylon  
  20  1:45  Probe  
  21  1:50  Assimilator  
  21  1:57  Probe  
  22  2:02  Adept (Chrono Boost)  
  24  2:09  Probe  
  25  2:22  Probe, Stargate  
  26  2:24  Adept (Chrono Boost)  
  28  2:34  Probe  
  28  2:36  Warp Gate  
  29  2:47  Probe  
  29  2:49  Adept  
  32  2:53  Probe  
  32  3:10  Void Ray (Chrono Boost)  
  32  3:11  Gateway  
  32  3:12  Probe  
  36  3:17  Shield Battery  
  36  3:22  Adept  
  36  3:25  Probe  
  36  3:27  Probe  
  40  3:34  Pylon  
  40  3:38  Oracle (Chrono Boost)  
  43  3:42  Probe  
  43  3:44  Probe  
  45  3:52  Gateway  
  46  3:56  Probe (Chrono Boost)  
  46  3:58  Probe (Chrono Boost)  
  47  4:07  Probe (Chrono Boost)  
  47  4:09  Probe (Chrono Boost)  
  49  4:11  Probe (Chrono Boost)  
  49  4:12  Oracle, Pylon  
  53  4:18  Probe  
  54  4:25  Nexus  
  54  4:33  Twilight Council  
  54  4:35  Probe x2  
  56  4:47  Probe  
  56  4:48  Gateway  
  56  4:49  Probe  
  56  4:50  Gateway  
  58  4:55  Assimilator  
  58  4:56  Pylon  
  58  4:59  Probe  
  59  5:01  Probe  
  59  5:03  Blink (Chrono Boost)  
  60  5:10  Stalker  
  62  5:14  Probe x2  
  62  5:15  Stalker  
  62  5:17  Pylon  
  66  5:22  Shield Battery  
  66  5:26  Probe x2  
  67  5:36  Stalker  
  67  5:37  Probe  
  67  5:39  Probe  
  71  5:43  Probe  
  71  5:45  Stalker x3  
  71  5:49  Probe  
  79  5:52  Probe  
  79  5:54  Forge  
  79  5:55  Probe  
  81  5:58  Pylon  
  81  6:00  Stalker  
  81  6:01  Probe  
  84  6:08  Stalker x2  
  84  6:09  Probe  
  89  6:15  Probe x2  
  91  6:20  Protoss Ground Weapons Level 1 (Chrono Boost)  
  91  6:22  Gateway  
  91  6:35  Probe  
  91  6:38  Stalker x4  
  92  6:41  Probe  
  93  6:49  Probe x2  
  93  6:51  Charge (Chrono Boost)  
  93  6:53  Probe  
  92  6:55  Nexus  
  92  6:59  Pylon  
  92  7:03  Stalker x2  
  92  7:07  Gateway  
  96  7:09  Probe x3, Gateway  
  96  7:12  Gateway, Stalker  
  101  7:16  Pylon  
  101  7:19  Stalker  
  103  7:23  Pylon  
  103  7:26  Stalker, Pylon  
  103  7:29  Shield Battery  
  105  7:31  Stalker  
  105  7:32  Zealot  
  109  7:45  Stalker x2  
  113  7:51  Gateway  
  113  7:52  Gateway  
  113  7:58  Zealot x3  
  119  7:59  Probe x3  
  119  8:03  Pylon  
  122  8:07  Zealot x3  
  122  8:08  Zealot  
  122  8:09  Zealot  
  132  8:19  Stalker x3  
  134  8:21  Probe  
  133  8:34  Nexus  
  133  8:39  Zealot x5  
  137  8:46  Zealot x4  
Tags
 
Add a new tag
Caveats
  • Supply blocks, unpowered buildings, or Contaminate may cause inaccurate times.
  • Supply counts are checked every 10 seconds.